 Dungeon Crawl Stone Soup version 0.31-a0-271-gb88eb75e06 (webtiles) character file.

Game seed: 2380785808065172500

469 pokeman the Magician (level 6, -1/34 HPs)
             Began as a Deep Elf Hedge Wizard on July 14, 2023.
             Slain by an ogre
             ... wielding a +0 giant club
              (20 damage)
             ... on level 5 of the Dungeon.
             The game lasted 00:06:35 (3923 turns).

pokeman the Magician (Deep Elf Hedge Wizard)        Turns: 3923, Time: 00:06:35

Health: -1/34      AC:  7    Str:  7    XL:     6   Next: 82%
Magic:  6/27       EV: 12    Int: 21    God:
Gold:   191        SH:  0    Dex: 14    Spells: 11/19 levels left

rFire   . . .        a - +3 dagger (venom)
rCold   . . .        (no shield)
rNeg    . . .        n - +2 leather armour {rPois}
rPois   +            j - +0 helmet
rElec   .            (no cloak)
rCorr   .            (no gloves)
SInv    .            v - +0 pair of boots
Will    .....        (no amulet)
Stlth   ++           i - ring of wizardry
HPRegen 0.25/turn    k - ring of magical power
MPRegen 0.20/turn

%: wizardry (x1)
@: very slightly contaminated
A: no striking features
a: no special abilities


You were on level 5 of the Dungeon.
You visited 1 branch of the dungeon, and saw 5 of its levels.

You collected 191 gold pieces.

Inventory:

Hand Weapons
 a - a +3 dagger of venom (weapon)
Armour
 j - a +0 helmet (worn)
 n - a +2 leather armour of poison resistance (worn)
 v - a +0 pair of boots (worn)
Jewellery
 i - a ring of wizardry (left hand)
 k - a ring of magical power (right hand)
 p - a ring of protection from cold
 w - a +4 ring of protection
Wands
 t - a wand of paralysis (8)
 u - a wand of polymorph (13)
Scrolls
 b - a scroll of enchant armour {unknown}
 c - a scroll of noise {unknown}
 e - 3 scrolls of teleportation {unknown}
 f - 3 scrolls of fog {unknown}
 g - 3 scrolls of identify {unknown}
 l - a scroll of butterflies {unknown}
 m - a scroll of amnesia {unknown}
 r - a scroll of brand weapon {unknown}
 s - a scroll of vulnerability {unknown}
 y - a scroll of revelation {unknown}
 z - 2 scrolls of blinking {unknown}
 A - a scroll of silence {unknown}
Potions
 d - 2 potions of magic
 h - 2 potions of haste {unknown}
 o - a potion of heal wounds {unknown}
 q - a potion of berserk rage {unknown}
 x - a potion of degeneration {unknown}


   Skills:
 + Level 1.5 Fighting
 - Level 1.4 Armour
 - Level 3.0 Dodging
 - Level 3.0 Stealth
 * Level 7.4 Spellcasting
 + Level 3.4 Conjurations
 - Level 1.1 Summonings
 - Level 1.1 Translocations
 - Level 1.0 Air Magic
 - Level 1.0 Poison Magic
 + Level 1.6 Evocations


You had 11 spell levels left.
You knew the following spells:

 Your Spells              Type           Power      Damage    Failure   Level
a - Magic Dart            Conj           88%        1d7       1%          1
b - Mephitic Cloud        Conj/Pois/Air  15%        N/A       7%          3
c - Call Imp              Summ           24%        N/A       4%          2
d - Blink                 Tloc           24%        N/A       4%          2

Your spell library contained the following spells:

 Spells                   Type           Power      Damage    Failure   Level
 Slow                     Hex            28%        N/A       4%          1
 Cigotuvi's Dreadful Rot  Necr/Pois/Air  20%        N/A       6%          2


Dungeon Overview and Level Annotations

Branches:
Dungeon (5/15)
 Temple: D:4-7

Altars:
Ashenzari
Cheibriados

Shops:
D:3 [


Message History

Aim: an ogre, wielding a +0 giant club (moderately wounded, confused, 100% to hit)
The magic dart hits the ogre.
The ogre is almost dead.
The ogre is engulfed in noxious fumes.
The ogre appears confused.
Casting: Magic Dart (safe; 1% risk of failure)
Confirm with . or Enter, or press ? or * to list all spells.
Aiming: Magic Dart (safe; 1% risk of failure)
Press: ? - help, Shift-Dir - straight line, f/p - ogre
Aim: an ogre, wielding a +0 giant club (moderately wounded, confused, 100% to hit)
The magic dart hits the ogre.
The ogre is moderately wounded.
The ogre grins madly.
You catch the helpless ogre completely off-guard!
You puncture the ogre!
You kill the ogre!
Casting: Magic Dart (safe; 1% risk of failure)
Confirm with . or Enter, or press ? or * to list all spells.
Aiming: Magic Dart (safe; 1% risk of failure)
Press: ? - help, Shift-Dir - straight line, f/p - ogre
Aim: an ogre, wielding a +0 giant club (moderately wounded, confused, 100% to hit)
The magic dart hits the ogre but does no damage.
The ogre is moderately wounded.
Unknown command.
You hit the ogre.
The ogre is poisoned.
The ogre is moderately wounded.
Casting: Magic Dart (safe; 1% risk of failure)
Confirm with . or Enter, or press ? or * to list all spells.
Aiming: Magic Dart (safe; 1% risk of failure)
Press: ? - help, Shift-Dir - straight line, f/p - ogre
Aim: an ogre, wielding a +0 giant club (heavily wounded, confused, very poisoned, 100% to hit)
You miscast Magic Dart.
You are very lightly contaminated with residual magic.
Nothing appears to happen.
You hit the ogre.
The ogre looks as sick as possible!
The ogre is severely wounded.
You hit the ogre.
The ogre looks as sick as possible!
The ogre is almost dead.
The ogre hits you with a +0 giant club!!
Ouch! That really hurt!
You die...

#. .# #.#.#### . . #.#
#......# ... . #.#
##...### ..# # #.##
##..## #.# ##
#..###....###.. .##
####......#..#.#
..###.###.....##.)# #.#
#..##.####........##...#
##.............O@.....#
##.......#.##.........#
##..###...##....#..#.#
###...##...#...#.....
...# ##.#.#.........
###.##..!#..........
#........##..<...
#$.#.....# #..... ...$#
..


You could see an ogre (confused, extremely poisoned).

Vanquished Creatures
  An ogre (D:5)
  An iron imp (D:4)
  An orc priest (D:4)
  2 iguanas (D:4)
  4 orc wizards
  Robin (D:2)
  5 adders
  5 orcs
  5 ball pythons
  9 bats
  10 endoplasms
  5 giant cockroaches
  14 goblins
  11 hobgoblins
  3 jackals (D:4)
  6 quokkas
  4 frilled lizards
  7 kobolds
  6 rats
100 creatures vanquished.

Notes
Turn   | Place    | Note
-------+----------+-------------------------------------------
     0 | D:1      | pokeman the Deep Elf Hedge Wizard began the quest for the
                  | Orb.
     0 | D:1      | Reached XP level 1. HP: 10/10 MP: 7/7
   191 | D:1      | Reached XP level 2. HP: 16/16 MP: 1/9
   618 | D:1      | You fall into a shaft and drop 1 floor!
   633 | D:2      | Reached skill level 5 in Spellcasting
   633 | D:2      | Reached XP level 3. HP: 20/20 MP: 4/11
   637 | D:2      | Learned a level 3 spell: Mephitic Cloud
   640 | D:2      | Learned a level 2 spell: Call Imp
   643 | D:2      | Learned a level 2 spell: Blink
  1133 | D:2      | Reached skill level 1 in Fighting
  1276 | D:2      | Reached skill level 1 in Armour
  1280 | D:2      | Noticed Robin
  1541 | D:2      | Killed Robin
  1542 | D:2      | Reached XP level 4. HP: 25/25 MP: 8/13
  1613 | D:2      | Found a faded altar of an unknown god.
  1924 | D:3      | Found Ocziriuf's Antique Armour Emporium.
  2217 | D:3      | Reached skill level 6 in Spellcasting
  2360 | D:3      | Reached XP level 5. HP: 29/29 MP: 15/15
  3041 | D:4      | Found a snail-covered altar of Cheibriados.
  3230 | D:4      | Reached skill level 1 in Poison Magic
  3242 | D:4      | Reached skill level 1 in Air Magic
  3277 | D:4      | Found a broken altar of Ashenzari.
  3413 | D:4      | Reached XP level 6. HP: 32/34 MP: 17/17
  3418 | D:4      | Reached skill level 1 in Evocations
  3460 | D:4      | Reached skill level 7 in Spellcasting
  3865 | D:5      | Entered Level 5 of the Dungeon
  3923 | D:5      | Slain by an ogre

Illustrated notes

Levels and vault maps discovered:
D:1:      nzn_arrival_crosshair, layout_basic
D:2:      layout_rooms, dreamdust_ecumenical_altar_grove, uniq_robin
D:3:      layout_rooms, serial_shops, nicolae_shop_crystal,
          kennysheep_generic_room_15
D:4:      layout_loops_ring, slow_altar_1, evilmike_ruin_ashenzari,
          nicolae_houndstooth_variations
D:5:      layout_layer_cave, nicolae_gozag_cash_rules_everything_around_me,
          mainiacjoe_overflow_tiny_flanked, kennysheep_okawaru_gauntlet,
          uniq_ijyb

Skill      XL: |  1  2  3  4  5  6 |
---------------+-------------------+-----
Spellcasting   | 5 6 7 |  7.4
Fighting       | 1 |  1.5
Armour         | 1 |  1.4
Conjurations   | 2 3 |  3.4
Dodging        | 3 |  3.0
Poison Magic   | 1 |  1.0
Air Magic      | 1 |  1.0
Stealth        | 3 |  3.0
Evocations     | 1 |  1.6
Summonings     | |  1.1
Translocations | |  1.1

Action                     |  1- 3 |  4- 6 || total
---------------------------+-------+-------++-------
  Melee: Dagger            |    13 |    53 ||    66
         Punch             |     1 |       ||     1
   Cast: Magic Dart        |    89 |   128 ||   217
         Mephitic Cloud    |     1 |    13 ||    14
         Blink             |       |     2 ||     2
   Stab: Confused          |     2 |     4 ||     6
 Armour: Robe              |     7 |     2 ||     9
         Leather armour    |       |    15 ||    15
  Dodge: Dodged            |    35 |    44 ||    79

Table legend: (Time is in decaauts)
 A = Elapsed time spent in this place.
 B = Non-inter-level travel time spent in this place.
 C = Inter-level travel time spent in this place.
 D = Time resting spent in this place.
 E = Time spent auto-exploring this place.
 F = Levels seen in this place.
 G = Mean time per level.
                   A        B        C        D        E       F      G
               +--------+--------+--------+--------+--------+-----+--------+
         Total |   3921 |   3821 |    100 |    286 |   2944 |   5 |  784.2 |
       Dungeon |   3921 |   3821 |    100 |    286 |   2944 |   5 |  784.2 |
               +--------+--------+--------+--------+--------+-----+--------+

Top non-repeatable levels by time:
     D:1: 1225 daAuts
     D:4: 1023 daAuts
     D:3: 893 daAuts
     D:2: 720 daAuts
     D:5: 57 daAuts
